 Dungeon Crawl Stone Soup version 0.31-a0-881-ge136f0c47a (webtiles) character file.

Game seed: 15104560088585075576

5979 Ekaitz the Zephyrmancer (level 10, -9/51 HPs)
             Began as a Deep Elf Air Elementalist on Oct 15, 2023.
             Was a Follower of Sif Muna.
             Killed from afar by an acid dragon (20 damage)
             ... with a splash of acid
             ... on level 10 of the Dungeon on Oct 16, 2023.
             The game lasted 00:21:43 (10702 turns).

Ekaitz the Zephyrmancer (DEAE)                     Turns: 10702, Time: 00:21:44

Health: -9/51      AC:  9    Str: 11    XL:     10   Next: 55%
Magic:  11/24      EV: 19    Int: 21    God:    Sif Muna [*.....]
Gold:   204        SH:  5    Dex: 19    Spells: 3/25 levels left

rFire   . . .        o - +1 short sword (protect)
rCold   . . .        H - +0 buckler
rNeg    . . .        M - +3 leather armour
rPois   .            p - +0 helmet
rElec   .            G - +0 cloak
rCorr   .            d - +1 pair of gloves
SInv    .            w - +2 pair of boots
Will    +....        (no amulet)
Stlth   +++          k - +5 ring of evasion
HPRegen 0.28/turn    B - +6 ring of strength
MPRegen 0.19/turn

%: no passive effects
@: lethally poisoned (-9 -> -12), corroded
A: no striking features
a: Renounce Religion, Channel Magic


You were on level 10 of the Dungeon.
You worshipped Sif Muna.
Sif Muna was aware of your devotion.
You visited 2 branches of the dungeon, and saw 11 of its levels.

You collected 496 gold pieces.
You spent 292 gold pieces at shops.

Inventory:

Hand Weapons
 o - a +1 short sword of protection (weapon)
 y - a +0 dagger of flaming
 A - a +1 long sword of flaming
 L - a +1 falchion of holy wrath
 O - a +3 heavy spear
Missiles
 r - 5 silver javelins
 s - 13 poisoned darts
Armour
 d - a +1 pair of gloves (worn)
 m - a +2 animal skin
 p - a +0 helmet (worn)
 w - a +2 pair of boots (worn)
 G - a +0 cloak (worn)
 H - a +0 buckler (worn)
 M - a +3 leather armour (worn)
 N - a +0 robe of willpower
Magical Staves
 E - a staff of cold
Jewellery
 a - a ring of see invisible
 k - a +5 ring of evasion (left hand)
 B - a +6 ring of strength (right hand)
Wands
 x - a wand of flame (7)
 C - a wand of paralysis (13)
 K - a wand of iceblast (16)
Scrolls
 e - a scroll of brand weapon {unknown}
 f - 17 scrolls of identify
 g - 4 scrolls of blinking {unknown}
 h - 3 scrolls of fog
 q - 3 scrolls of fear {unknown}
 z - 2 scrolls of enchant armour {unknown}
 D - 3 scrolls of enchant weapon
 F - a scroll of torment {unknown}
 I - a scroll of teleportation {unknown}
 J - a scroll of amnesia {unknown}
 P - a scroll of poison
 Q - 2 scrolls of immolation
Potions
 b - 2 potions of magic
 c - a potion of mutation {unknown}
 i - 2 potions of cancellation {unknown}
 j - 5 potions of curing {unknown}
 l - a potion of haste {unknown}
 n - a potion of might {unknown}
 t - a potion of enlightenment {unknown}
 u - 3 potions of invisibility {unknown}
 v - 2 potions of heal wounds {unknown}


   Skills:
 + Level 0.3 Fighting
 + Level 1.1 Short Blades
 + Level 0.7 Armour
 * Level 6.3 Dodging
 + Level 3.9 Stealth
 * Level 3.2 Shields
 + Level 8.4 Spellcasting
 * Level 7.5 Conjurations
 * Level 6.9 Hexes
 * Level 4.6 Translocations
 * Level 8.7 Air Magic
 * Level 1.8 Invocations


You had 3 spell levels left.
You knew the following spells:

 Your Spells              Type           Power      Damage    Failure   Level
a - Shock                 Conj/Air       100%       1d9       1%          1
b - Static Discharge      Conj/Air       86%        2-6/arc   1%          2
c - Swiftness             Air            45%        N/A       1%          3
d - Airstrike             Air            22%        2d(4-20)  4%          4
e - Jinxbite              Hex            76%        N/A       1%          2
f - Vhi's Electric Charg  Tloc/Air       74%        N/A       10%         4
g - Arcjolt               Conj/Air       21%        1d31      14%         5
p - Apportation           Tloc           56%        N/A       2%          1

Your spell library contained the following spells:

 Spells                   Type           Power      Damage    Failure   Level
 Sigil of Binding         Hex            38%        N/A       2%          3
 Call Canine Familiar     Summ           8%         N/A       41%         3
 Cause Fear               Hex            19%        N/A       9%          4
 Dimensional Bullseye     Hex/Tloc       16%        N/A       13%         4
 Leda's Liquefaction      Hex/Erth       11%        N/A       34%         4
 Fireball                 Conj/Fire      12%        3d7       65%         5
 Plasma Beam              Fire/Air       13%        2x1d24    98%         6
 Alistair's Intoxication  Tmut/Pois      5%         N/A       99%         5
 Dragon's Call            Summ           4%         N/A       100%        9


Dungeon Overview and Level Annotations

Branches:
Dungeon (10/15)            Temple (1/1) D:6            Lair (0/5) D:9
    Orc: D:9-12

Altars:
Ashenzari
Cheibriados
Dithmenos
Elyvilon
Fedhas
Gozag
Hepliaklqana
Kikubaaqudgha
Makhleb
Nemelex Xobeh
Qazlal
Ru
Sif Muna
Trog
Uskayaw
Vehumet
Wu Jian
Xom
Yredelemnul
Zin
The Shining One

Shops:
D:9 ?

Annotations:
D:3 Grinder
D:7 3 runed translucent doors, scionoferis's ghost, novice MiCK
Temple 4 transporters


Message History

The killer bee barely misses you.
The killer bee stings you but does no damage.
Casting: Shock (safe; 1% risk of failure)
Confirm with . or Enter, or press ? or * to list all spells.
Aiming: Shock (safe; 1% risk of failure)
Press: ? - help, Shift-Dir - straight line, f/p - acid dragon
Aim: an acid dragon (lightly wounded, 74% to hit)
The zap misses the killer bee.
The zap hits the acid dragon.
The acid dragon is moderately wounded.
The killer bee stings you.
You are poisoned.
The killer bee poisons you! The killer bee stings you.
Casting: Shock (safe; 1% risk of failure)
Confirm with . or Enter, or press ? or * to list all spells.
Aiming: Shock (safe; 1% risk of failure)
Press: ? - help, Shift-Dir - straight line, p - acid dragon The zap hits the killer bee.
The killer bee is severely wounded.
The zap misses the acid dragon.
The zap hits the acid dragon.
The acid dragon is severely wounded.
You feel sick. You block the killer bee's attack. The killer bee misses you.
Casting: Shock (safe; 1% risk of failure)
Confirm with . or Enter, or press ? or * to list all spells.
The killer bee is struck by an arc of lightning.
You kill the killer bee!
Sif Muna accepts your kill.
The acid dragon is struck by an arc of lightning.
The acid dragon is severely wounded.
You feel sick.
Unknown command.
Casting: Static Discharge (safe; 1% risk of failure)
Confirm with . or Enter, or press ? or * to list all spells.
The acid dragon is struck by an arc of lightning.
The acid dragon is severely wounded.
You are struck by an arc of lightning.
* * * LOW HITPOINT WARNING * * *
The lightning grounds out.
You feel sick. The acid dragon spits acid at you. The splash of acid hits you!!
You die...

#. #.. #. #.#
.##.. #.# .o...
#.# #...)#.#
#...)#.# .#
#.D..).# ..#
#D###### ....
#@.....#####....
#...............
..######
#...........##
.......
#..#####....#
......#
#..#...#....#
......#
##..#...#....#
......#
#...#...#....#
......#
#...#''##....#
......#
#............#


You could see an acid dragon (catching breath).

Vanquished Creatures
  Joseph (D:8)
  A hornet (D:9)
  The ghost of freelancePsychic the Trooper, an amateur DjSh of the Shining One (D:4)
  A troll (D:9)
  The ghost of wtrnl the Sneak, an amateur OpIE (D:3)
  Sigmund (D:2)
  2 shadows
  2 basilisks (D:9)
  A wyvern (D:9)
  A wraith (D:7)
  6 yaks (D:9)
  A steam dragon (D:8)
  2 water moccasins
  2 orc warriors
  A sky beast (D:8)
  2 black bears
  An ogre (D:5)
  2 centaurs
  A phantom (D:6)
  5 bullfrogs
  A gnoll sergeant (D:9)
  2 scorpions (D:5)
  9 killer bees
  A howler monkey (D:5)
  A bullfrog zombie (D:3)
  A centaur skeleton (D:3)
  A jelly (D:7)
  3 orc priests
  A gnoll bouda (D:8)
  3 hounds
  2 iguanas
  8 orc wizards
  Robin (D:2)
  11 gnolls
  7 adders
  2 shadow imps
  3 white imps
  2 ufetubi (D:5)
  2 worms
  A dart slug (D:1)
  25 orcs
  10 bats
  8 endoplasms
  2 giant cockroaches
  16 goblins
  4 hobgoblins
  10 jackals
  5 quokkas
  5 ball pythons
  2 frilled lizards
  8 kobolds
  4 rats
196 creatures vanquished.

Notes
Turn   | Place    | Note
-------+----------+-------------------------------------------
     0 | D:1      | Ekaitz the Deep Elf Air Elementalist began the quest for
                  | the Orb.
     0 | D:1      | Reached XP level 1. HP: 10/10 MP: 6/6
   334 | D:1      | Reached XP level 2. HP: 15/15 MP: 6/8
   337 | D:1      | Learned a level 2 spell: Static Discharge
  1228 | D:2      | Noticed Sigmund
  1322 | D:2      | Reached XP level 3. HP: 19/19 MP: 5/9
  1335 | D:2      | Learned a level 3 spell: Swiftness
  1701 | D:2      | Reached XP level 4. HP: 24/24 MP: 9/11
  1782 | D:2      | Noticed Robin
  1828 | D:2      | Killed Robin
  2245 | D:2      | Killed Sigmund
  2246 | D:2      | Reached XP level 5. HP: 19/28 MP: 3/13
  2246 | D:2      | Reached XP level 6. HP: 22/32 MP: 3/14
  2253 | D:2      | Learned a level 4 spell: Airstrike
  2255 | D:2      | Learned a level 1 spell: Apportation
  2258 | D:2      | Learned a level 2 spell: Jinxbite
  2732 | D:3      | Found a sacrificial altar of Ru.
  2837 | D:3      | Noticed Grinder
  3229 | D:3      | Found a runed translucent gate.
  3229 | D:3      | Found a runed translucent gate.
  3229 | D:3      | Found a runed translucent gate.
  3230 | D:3      | Noticed wtrnl's ghost (amateur OpIE)
  3327 | D:3      | Found a burning altar of Makhleb.
  3327 | D:3      | Noticed a cacodemon
  3330 | D:3      | Noticed a hellwing
  3330 | D:3      | Noticed an orange demon
  3594 | D:4      | Found a runed translucent gate.
  3596 | D:4      | Found a runed translucent gate.
  3597 | D:4      | Found a runed translucent gate.
  3599 | D:4      | Noticed freelancePsychic's ghost (amateur DjSh)
  4125 | D:5      | Entered Level 5 of the Dungeon
  4142 | D:5      | Reached skill level 5 in Spellcasting
  4281 | D:5      | Reached skill level 1 in Hexes
  4282 | D:5      | Reached XP level 7. HP: 18/36 MP: 1/16
  4495 | D:5      | Reached skill level 1 in Translocations
  4599 | D:5      | Reached skill level 5 in Air Magic
  5348 | D:6      | Reached skill level 5 in Conjurations
  5348 | D:6      | Reached XP level 8. HP: 33/41 MP: 12/19
  5703 | D:6      | Found an ornate altar of the Wu Jian Council.
  5839 | D:6      | Found a staircase to the Ecumenical Temple.
  5848 | Temple   | Found a transporter.
  5848 | Temple   | Found a transporter.
  5848 | Temple   | Found a transporter.
  5848 | Temple   | Found a transporter.
  5848 | Temple   | Entered the Ecumenical Temple
  5902 | D:6      | Reached skill level 5 in Dodging
  6332 | D:7      | Noticed scionoferis's ghost (novice MiCK)
  6399 | D:7      | Found a basalt altar of Yredelemnul.
  6430 | D:7      | Reached skill level 1 in Shields
  6523 | D:7      | Learned a level 4 spell: Vhi's Electric Charge
  6677 | D:7      | Reached XP level 9. HP: 45/45 MP: 11/21
  6683 | D:7      | Learned a level 5 spell: Arcjolt
  6871 | D:7      | Found a runed translucent gate.
  6871 | D:7      | Found a runed translucent gate.
  6871 | D:7      | Found a runed translucent gate.
  7219 | D:4      | Killed freelancePsychic's ghost
  7492 | D:3      | Killed wtrnl's ghost
  7493 | D:3      | Reached skill level 1 in Short Blades
  7788 | D:8      | Found an ancient bone altar of Kikubaaqudgha.
  7788 | D:8      | Found a blossoming altar of Fedhas.
  7809 | D:8      | Reached skill level 5 in Hexes
  7913 | D:8      | Found an opulent altar of Gozag.
  8007 | D:8      | Found a shimmering blue altar of Sif Muna.
  8033 | D:8      | Became a worshipper of Sif Muna the Loreminder
  8161 | D:8      | Noticed Joseph
  8231 | D:8      | Killed Joseph
  8911 | D:8      | Found a radiant altar of Vehumet.
  8953 | D:8      | Found a broken altar of Ashenzari.
  9017 | D:8      | Found a shimmering altar of Xom.
  9185 | D:9      | Found a sparkling altar of Nemelex Xobeh.
  9204 | D:9      | Found Zupuf's Magic Scroll Emporium.
  9213 | D:9      | Bought a scroll of poison for 52 gold pieces
  9213 | D:9      | Bought a scroll of noise for 13 gold pieces
  9213 | D:9      | Bought a scroll of immolation for 52 gold pieces
  9213 | D:9      | Bought a scroll of enchant weapon for 97 gold pieces
  9213 | D:9      | Bought a scroll of identify for 26 gold pieces
  9213 | D:9      | Bought a scroll of fog for 52 gold pieces
  9314 | D:9      | Reached XP level 10. HP: 50/50 MP: 19/23
  9317 | D:9      | Reached * piety under Sif Muna
  9703 | D:9      | Found a staircase to the Lair.
 10008 | D:9      | Reached skill level 1 in Invocations
 10496 | D:10     | Entered Level 10 of the Dungeon
 10702 | D:10     | Killed from afar by an acid dragon

Illustrated notes

Levels and vault maps discovered:
D:1:      roderic_chinese_lattice_arrival, layout_loops_corners
D:2:      wad_river_or_something, layout_loops_ring, uniq_robin, uniq_sigmund
D:3:      layout_basic, mainiacjoe_overflow_alcove_1, makhleb_altar_promises_db,
          gammafunk_ghost_necromancy, kennysheep_generic_room_9, uniq_grinder
D:4:      layout_cave_pools, gammafunk_ghost_split
D:5:      layout_basic
D:6:      layout_cave_pools, nicolae_wu_jian_wuxing_cycle,
          minmay_temple_entry_statues_pillars, st_stairs_1
D:7:      layout_rooms, kennysheep_mini_moat, gammafunk_ghost_icy,
          roderic_lattice_a, minmay_misc_feat_plants
D:8:      layout_gridville, grunt_temple_overflow_growth_and_decay,
          led_sif_pool, mainiacjoe_overflow_surrounded_room,
          nicolae_gozag_seed_capital, mainiacjoe_overflow_catch_the_wave,
          serial_glass, glass_columns_b, glass_columns_c, glass_columns_a,
          glass_columns_b, glass_columns_a, glass_columns_a, uniq_joseph
D:9:      layout_basic, nemelex_xobeh_ov_fountains_minmay, erik_lair_dragon,
          serial_shops, shop, evilmike_minifort
D:10:     layout_irregular_city, lemuel_coloured_pillars_altar, serial_shops,
          nicolae_square_shop, uniq_sonja
Temple:   hellmonk_temple_divided_pantheon

Skill      XL: |  1  2  3  4  5  6  7  8  9 10 |
---------------+-------------------------------+-----
Dodging        | 3 4 5 6 |  6.3
Conjurations   | 2 3 4 5 7 |  7.5
Stealth        | 3 |  3.9
Spellcasting   | 4 5 6 7 8 |  8.4
Air Magic      | 4 5 6 8 |  8.7
Hexes          | 1 3 4 5 6 |  6.9
Translocations | 1 2 3 4 |  4.6
Shields        | 1 2 3 |  3.2
Short Blades   | 1 |  1.1
Invocations    | 1 |  1.8
Fighting       | |  0.3
Armour         | |  0.7

Action                     |  1- 3 |  4- 6 |  7- 9 | 10-12 || total
---------------------------+-------+-------+-------+-------++-------
  Melee: Unarmed           |     2 |       |       |       ||     2
         Dagger            |     4 |       |       |       ||     4
         Short sword       |       |    30 |    34 |    10 ||    74
         Punch             |       |       |     2 |       ||     2
   Cast: Shock             |    63 |   107 |   164 |    55 ||   389
         Static Discharge  |     5 |     9 |    51 |    11 ||    76
         Airstrike         |       |     3 |    18 |     6 ||    27
         Jinxbite          |       |     1 |     2 |       ||     3
         Vhi's Electric Ch |       |       |     2 |       ||     2
         Arcjolt           |       |       |     1 |       ||     1
   Stab: Sleeping          |     3 |     2 |     3 |     2 ||    10
 Armour: Robe              |    11 |     2 |       |       ||    13
         Animal skin       |       |    23 |    62 |       ||    85
         Leather armour    |       |       |     8 |    38 ||    46
  Dodge: Dodged            |    25 |    48 |   123 |    35 ||   231
  Block: Buckler           |       |       |     1 |    10 ||    11

Table legend: (Time is in decaauts)
 A = Elapsed time spent in this place.
 B = Non-inter-level travel time spent in this place.
 C = Inter-level travel time spent in this place.
 D = Time resting spent in this place.
 E = Time spent auto-exploring this place.
 F = Levels seen in this place.
 G = Mean time per level.
                   A        B        C        D        E       F      G
               +--------+--------+--------+--------+--------+-----+--------+
         Total |  10708 |  10145 |    563 |    387 |   8297 |  11 |  973.5 |
       Dungeon |  10684 |  10133 |    551 |    387 |   8297 |  10 | 1068.4 |
        Temple |     23 |     11 |     12 |      0 |      0 |   1 |   23.0 |
               +--------+--------+--------+--------+--------+-----+--------+

Top non-repeatable levels by time:
     D:2: 1487 daAuts
     D:9: 1433 daAuts
     D:8: 1319 daAuts
     D:1: 1246 daAuts
     D:5: 1230 daAuts
     D:7: 1130 daAuts
     D:3: 973 daAuts
     D:6: 830 daAuts
     D:4: 827 daAuts
    D:10: 205 daAuts
  Temple: 23 daAuts
